 Dungeon Sprint DCSS version 0.25.1-4-g9407a263a5 (webtiles) character file.

Game seed: 14650237724655645674

19527 Atelerd the Peltast (level 12, 0/97 HPs)
             Began as an Octopode Fighter on Nov 25, 2020.
             Was the Champion of Makhleb.
             Hit by a silver javelin thrown by a merfolk javelineer (1 damage)
             ... in the Dungeon (Sprint V: "Ziggurat Sprint") on Nov 26, 2020.
             The game lasted 00:06:28 (827 turns).

Atelerd the Peltast (Octopode Fighter)               Turns: 827, Time: 00:06:28

Health: 0/97       AC:  3    Str: 43    XL:     12   Next: 69%
Magic:  18/18      EV: 23    Int: 13    God:    Makhleb [******]
Gold:   0          SH: 41    Dex: 25    Spells: 11/11 levels left

rFire    + . .     SeeInvis +   G - +14 obsidian axe {vorpal, +Fly SInv *Curse} (curse)
rCold    + + .     Gourm    .   H - +18 shield of the Gong {rElec rN+ MR+ EV-5}
rNeg     + . .     Faith    .   T - +2 hood of the Assassin {Detection Stab+ Stlth++}
rPois    .         Spirit   .   M - amulet of False Hope {Reflect rElec rC+ MR+ Int-3 SH+5}
rElec    +         Reflect  +   R - ring "Juarph" {Ice *Drain Str+4 Dex+2 Slay+2}
rCorr    .         Harm     .   x - +6 ring of dexterity
MR       ++...     NoTele   +   y - +6 ring of dexterity
Stlth    +++++.....             z - +6 ring of intelligence
HPRegen  0.26/turn              B - +6 ring of strength
MPRegen  0.16/turn              C - +6 ring of strength
                                K - ring of see invisible
                                N - ring "Ontoh" {rF++ Str+6}

@: mesmerised
A: almost no armour, stealthy swim, amphibious, 8 rings, constrict 8, camouflage
1, gelatinous body 1
a: Minor Destruction, Lesser Servant of Makhleb, Major Destruction, Greater
Servant of Makhleb, Renounce Religion, Evoke Flight


You were in the Dungeon.
You worshipped Makhleb.
Makhleb was exalted by your worship.
You were not hungry.

You visited 1 branch

Inventory:

Hand Weapons
 a - a +0 war axe
 G - the cursed +14 obsidian axe (weapon) {vorpal, +Fly SInv *Curse}
   (You found it in the Dungeon)

   It inflicts extra damage upon your enemies.
   It lets you see invisible.
   It lets you fly.
   It curses itself when equipped.
   It has a curse placed upon it.
 P - the +2 Maxwell's thermic engine {flame, freeze}
   (You found it in the Dungeon)

   It has been specially enchanted to burn those struck by it, causing extra
   injury to most foes and up to half again as much damage against particularly
   susceptible opponents.
   Big, fiery blades are also staple armaments of hydra-hunters.
   It has been specially enchanted to freeze those struck by it, causing extra
   injury to most foes and up to half again as much damage against particularly
   susceptible opponents.
Armour
 b - a +0 kite shield
 H - the +18 shield of the Gong (worn) {rElec rN+ MR+ EV-5}
   (You found it in the Dungeon)

   It affects your evasion (-5).
   It insulates you from electricity.
   It protects you from negative energy.
   It affects your resistance to hostile enchantments.
 T - the +2 hood of the Assassin (worn) {Detection Stab+ Stlth++}
   (You found it in the Dungeon)

   It makes you much more stealthy.
Jewellery
 n - the ring of Dagaull {Wiz Str-5 Int+4}
   (You found it in the Dungeon)

   [ring of wizardry]

   It improves your spell success rate.
   It affects your strength (-5).
   It affects your intelligence (+4).
 w - an uncursed ring of flight
 x - a +6 ring of dexterity (right tentacle)
 y - a +6 ring of dexterity (on tentacle)
 z - a +6 ring of intelligence (on tentacle)
 A - a +6 ring of intelligence
 B - a +6 ring of strength (on tentacle)
 C - a +6 ring of strength (on tentacle)
 K - a ring of see invisible (on tentacle)
 M - the amulet of False Hope (around mantle) {Reflect rElec rC+ MR+ Int-3 SH+5}
   (You found it in the Dungeon)

   [amulet of reflection]

   It shields you and reflects attacks.
   It affects your intelligence (-3).
   It protects you from cold.
   It insulates you from electricity.
   It affects your resistance to hostile enchantments.
   It affects your SH (+5).
 N - the ring "Ontoh" (on tentacle) {rF++ Str+6}
   (You found it in the Dungeon)

   [ring of strength]

   It affects your strength (+6).
   It greatly protects you from fire.
 O - an uncursed ring of ice
 Q - an uncursed amulet of guardian spirit
 R - the ring "Juarph" (left tentacle) {Ice *Drain Str+4 Dex+2 Slay+2}
   (You found it in the Dungeon)

   [ring of ice]

   It enhances your ice magic.
   It affects your strength (+4).
   It affects your dexterity (+2).
   It affects your accuracy and damage with ranged weapons and melee attacks
   (+2).
   It makes you vulnerable to fire.
   It protects you from cold.
   It causes draining when unequipped.
 S - an uncursed ring of wizardry
 U - an uncursed ring of protection from magic
 V - the amulet "Ypuawoah" {RegenMP rC+}
   (You found it in the Dungeon)

   [amulet of magic regeneration]

   It increases your magic regeneration.
   It protects you from cold.
Wands
 D - a wand of disintegration (7)
 E - a wand of iceblast (3)
 F - a wand of acid (7)
Scrolls
 j - 4 scrolls of blinking
 p - 4 scrolls of amnesia
 q - 7 scrolls of fog
 r - a scroll of holy word
 s - 5 scrolls of identify
 t - 5 scrolls of remove curse
 u - 2 scrolls of fear
 I - a scroll of brand weapon
Potions
 c - 4 potions of might
 e - 10 potions of curing
 f - 13 potions of heal wounds
 g - 5 potions of haste
 h - 7 potions of magic
 i - 3 potions of berserk rage
 k - 2 potions of brilliance
 l - 2 potions of invisibility
 m - 4 potions of resistance
 o - 5 potions of stabbing
Miscellaneous
 v - a lightning rod (4/4)
 J - a phantom mirror
 L - 3 boxes of beasts
Comestibles
 d - 7 rations


   Skills:
 + Level 14.4 Fighting
 * Level 14.9 Axes
 + Level 14.4 Dodging
 * Level 17.5 Shields
 + Level 8.4 Invocations
 - Level 5.0 Evocations


You had 11 spell levels left.
You didn't know any spells.
Your spell library was empty.

Dungeon Overview and Level Annotations

Branches:
Dungeon (1/1)

Altars:
Ashenzari
Cheibriados
Dithmenos
Elyvilon
Fedhas
Gozag
Hepliaklqana
Kikubaaqudgha
Makhleb
Nemelex Xobeh
Okawaru
Qazlal
Ru
Sif Muna
Trog
Uskayaw
Vehumet
Wu Jian
Xom
Yredelemnul
Zin
The Shining One
Beogh
Jiyva
Lugonu

Annotations:
D 1 transporter


Innate Abilities, Weirdness & Mutations

You cannot wear most types of armour.
You are very stealthy in the water. (Stealth+)
You are amphibious.
You can wear up to eight rings at the same time.
You can use your tentacles to constrict eight enemies at once.
Your skin changes colour to match your surroundings (Stealth+).
Your rubbery body absorbs attacks. (AC +1, EV +1)


Message History

Your chaos spawn barely misses the deep elf master archer.
Unknown command.
Unknown command.
You slash the centaur!
You kill the centaur!
Makhleb accepts your kill.
You feel better.
You hit the deep elf master archer. You hit the stone giant.
Visions of slaying the stone giant flood into your mind.
The centaur warrior shoots an arrow.
The arrow hits your chaos spawn!!
The yaktaur unwields a +0 arbalest.
The yaktaur wields an uncursed staff of air.
The yaktaur hits your ufetubus with an uncursed staff of air!!
Your ufetubus dies!
The deep elf master archer shoots an arrow.
The arrow hits you!!!
* * * LOW HITPOINT WARNING * * *
The merfolk javelineer throws a silver javelin.
The silver javelin pierces through you!!
* * * LOW HITPOINT WARNING * * *
You die...

▓..[}|...▓ ▓..))....▓
▓▓▓▓▓▓▓▓▓▓▓▓▓...))...▓
▓....8©8....▓........▓
▓..::}||.|(.▓.▓....▓.▓
▓...(CC)((..▓...©....▓
▓...cmCCC...▓▓▓▓▓▓▓▓▓▓
▓...C)ecc...▓...8©8...
▓....@4.c...▓..}})....
▓.....3.....▓...}[|...
▓..▓..5..▓..▓.........
▓. ▓▓...▓▓ ▓.........
▓..▓..(..▓..▓...†))†..
▓.....©.....▓....)....
▓▓▓▓▓▓▓▓▓▓▓▓▓.▓.....▓.
▓....8©8....▓....©....
▓...):}.)[..▓▓▓▓▓▓▓▓▓▓


You could see a stone giant (mesmerising), a merfolk javelineer, a deep elf
master archer, a centaur warrior, 5 cyclopes, 2 yaktaurs, a centaur, a friendly
ynoxinul (summoned), a friendly chaos spawn (summoned) and a friendly ufetubus
(summoned).

Vanquished Creatures
  A lich (D)
  A balrug (D)
  An orc warlord (D)
  A green draconian (D)
  A black draconian (D)
  A white draconian (D)
  A purple draconian (D)
  A merfolk impaler (D)
  3 merfolk aquamancers (D)
  An ugly thing (D)
  An orc sorcerer (D)
  2 manticores (D)
  2 draconians (D)
  A water nymph (D)
  7 merfolk (D)
  A troll (D)
  A hornet (D)
  A hornet (shapeshifter) (D)
  A wind drake (D)
  A hippogriff (D)
  A flying skull (D)
  4 spriggans (D)
  2 wraiths (D)
  A shadow (D)
  A water elemental (D)
  2 wargs (D)
  2 insubstantial wisps (D)
  A naga (D)
  A water moccasin (D)
  4 hell hounds (D)
  A porcupine (D)
  A black bear (shapeshifter) (D)
  6 orc warriors (D)
  A black bear (D)
  An ogre (shapeshifter) (D)
  An ogre (D)
  4 centaurs (D)
  A crocodile (shapeshifter) (D)
  A crimson imp (D)
  A white imp (D)
  2 adder skeletons (D)
  A bat skeleton (D)
  A bat zombie (D)
  3 jackals (D)
  A ball python (D)
  A ball python zombie (D)
  A jackal zombie (D)
77 creatures vanquished.

Vanquished Creatures (collateral kills)
  A merfolk avatar (D)
  A hornet (D)
  A merfolk (D)
  A hell hound (D)
  A black bear (D)
  A wolf (D)
  A crimson imp (D)
  A shadow imp (D)
  An ufetubus (D)
  An adder zombie (D)
  A giant cockroach zombie (D)
  A quokka skeleton (D)
12 creatures vanquished.

Grand Total: 89 creatures vanquished

Notes
Turn   | Place    | Note
-------+----------+-------------------------------------------
     0 | D        | Atelerd the Octopode Fighter began the quest for the Orb.
     0 | D        | Reached XP level 1. HP: 16/16 MP: 1/1
     0 | D        | Found a shimmering blue altar of Sif Muna.
     0 | D        | Found a bloodstained altar of Trog.
     0 | D        | Found a sacrificial altar of Ru.
     0 | D        | Found a stormy altar of Qazlal.
     0 | D        | Found an iron altar of Okawaru.
     1 | D        | Found a sparkling altar of Nemelex Xobeh.
     1 | D        | Found a blossoming altar of Fedhas.
     2 | D        | Found the +6 Majin-Bo {vamp, Archmagi MP+6 Int+6}
     2 | D        | Found the +7 great mace "Firestarter" {inner flame, rF++}
     3 | D        | Found a transporter.
     3 | D        | Found an ancient bone altar of Kikubaaqudgha.
     3 | D        | Found a viscous altar of Jiyva.
     3 | D        | Found a corrupted altar of Lugonu.
     3 | D        | Found a hazy altar of Hepliaklqana.
     3 | D        | Found a burning altar of Makhleb.
     3 | D        | Found an opulent altar of Gozag.
    26 | D        | Found the +9 heavy crossbow "Sniper" {vorpal, Acc+∞ SInv}
    26 | D        | Found the +10 dark maul {vorpal}
    26 | D        | Found the +15 Maxwell's patent armour {-Cast -Tele rElec
                  | MR+ rCorr}
    26 | D        | Found the +18 shield of the Gong {rElec rN+ MR+ EV-5}
    26 | D        | Found the cursed +14 obsidian axe {vorpal, +Fly SInv
                  | *Curse}
    38 | D        | Reached skill level 4 in Shields
    38 | D        | Reached XP level 2. HP: 23/23 MP: 2/2
    40 | D        | Found the +6 shillelagh "Devastator" {shatter}
    40 | D        | Found the +11 plutonium sword {*Contam Stlth-}
    40 | D        | Found the +8 lance "Wyrmbane" {slay drac, rPois rF+ rC+
                  | AC+3}
    40 | D        | Found the +9 sword of Zonguldrok {reap}
    40 | D        | Found the cursed +13 scythe of Curses {drain, *Curse}
    40 | D        | Found the +0 sword of Power
    40 | D        | Found the +7 mace of Variability {chain chaos}
    40 | D        | Found the +7 Singing Sword {vorpal, sonic wave}
    40 | D        | Found the +8 storm bow {elec, penet}
    43 | D        | Became a worshipper of Makhleb the Destroyer
    53 | D        | Entered arena 2.
    53 | D        | Noticed an insubstantial wisp
    53 | D        | Noticed an insubstantial wisp
    53 | D        | Found a transporter.
    57 | D        | Killed an insubstantial wisp
    57 | D        | Reached skill level 5 in Axes
    57 | D        | Reached skill level 6 in Shields
    57 | D        | Reached XP level 3. HP: 30/30 MP: 3/3
    57 | D        | Reached XP level 4. HP: 36/36 MP: 4/4
    57 | D        | Reached XP level 5. HP: 41/41 MP: 5/5
    57 | D        | Killed an insubstantial wisp
    57 | D        | Reached skill level 7 in Shields
    57 | D        | Reached XP level 6. HP: 49/49 MP: 6/6
    73 | D        | Entered arena 3.
    73 | D        | Noticed a water moccasin
    73 | D        | Noticed a naga
    73 | D        | Found a transporter.
    76 | D        | Killed a water moccasin
    76 | D        | Reached * piety under Makhleb
    79 | D        | Killed a naga
    79 | D        | Reached skill level 8 in Shields
    79 | D        | Reached XP level 7. HP: 55/55 MP: 7/7
    85 | D        | Entered arena 4.
    85 | D        | Found a transporter.
    88 | D        | Reached ** piety under Makhleb
    93 | D        | Got the ring of Dagaull {Wiz Str-5 Int+4}
   145 | D        | Entered arena 5.
   145 | D        | Noticed a merfolk
   145 | D        | Noticed a merfolk
   145 | D        | Noticed a merfolk
   145 | D        | Noticed a merfolk
   145 | D        | Found a transporter.
   150 | D        | Killed a merfolk
   150 | D        | Reached *** piety under Makhleb
   150 | D        | Reached skill level 9 in Shields
   152 | D        | Killed a merfolk
   152 | D        | Reached XP level 8. HP: 45/63 MP: 8/8
   155 | D        | Killed a merfolk
   159 | D        | Killed a merfolk
   159 | D        | Reached skill level 10 in Fighting
   159 | D        | Reached skill level 10 in Dodging
   159 | D        | Reached skill level 10 in Shields
   272 | D        | Entered arena 6.
   272 | D        | Noticed a green ugly thing
   272 | D        | Noticed a hornet
   272 | D        | Found a transporter.
   275 | D        | Reached **** piety under Makhleb
   275 | D        | Reached skill level 10 in Axes
   278 | D        | Reached XP level 9. HP: 71/71 MP: 9/9
   279 | D        | Killed a hornet
   280 | D        | Killed a green ugly thing
   280 | D        | Reached skill level 11 in Shields
   291 | D        | Entered arena 7.
   292 | D        | Found a transporter.
   293 | D        | Reached ***** piety under Makhleb
   311 | D        | Entered arena 8.
   311 | D        | Noticed a purple draconian
   311 | D        | Noticed a green draconian
   311 | D        | Noticed a draconian
   311 | D        | Noticed a black draconian
   311 | D        | Noticed a draconian
   311 | D        | Noticed a white draconian
   312 | D        | Identified the +5 hand crossbow of the Brain {elec, +Blink
                  | rElec Int+4 Dex-4}
   314 | D        | Found a transporter.
   318 | D        | Killed a black draconian
   318 | D        | Reached skill level 12 in Shields
   318 | D        | Reached skill level 5 in Evocations
   318 | D        | Reached XP level 10. HP: 41/79 MP: 11/13
   319 | D        | Killed a draconian
   319 | D        | Reached ****** piety under Makhleb
   320 | D        | Killed a draconian
   320 | D        | Killed a white draconian
   320 | D        | Reached skill level 13 in Shields
   321 | D        | Killed a green draconian
   321 | D        | Reached skill level 5 in Invocations
   323 | D        | Killed a purple draconian
   340 | D        | Got the amulet of False Hope {Reflect rElec rC+ MR+ Int-3
                  | SH+5}
   444 | D        | Entered arena 9.
   444 | D        | Noticed a spriggan rider
   444 | D        | Noticed a spriggan rider
   445 | D        | Found a transporter.
   447 | D        | Reached skill level 14 in Shields
   447 | D        | Reached XP level 11. HP: 85/85 MP: 15/15
   463 | D        | Entered arena 10.
   464 | D        | Identified the +5 short sword "Beduegodgh" {vorpal, rF+ rN+
                  | Str-5 SInv}
   464 | D        | Found a transporter.
   481 | D        | Got the ring "Ontoh" {rF++ Str+6}
   593 | D        | Entered arena 11.
   594 | D        | Found the +2 Maxwell's thermic engine {flame, freeze}
   599 | D        | Reached skill level 15 in Shields
   601 | D        | Found a transporter.
   614 | D        | Entered arena 12.
   614 | D        | Noticed a lich
   616 | D        | Noticed a balrug
   617 | D        | Found a transporter.
   622 | D        | Killed a lich
   623 | D        | Reached skill level 16 in Shields
   626 | D        | Killed a balrug
   640 | D        | Entered arena 13.
   640 | D        | Noticed a merfolk avatar
   640 | D        | Noticed a merfolk aquamancer
   640 | D        | Noticed a merfolk aquamancer
   640 | D        | Noticed a merfolk aquamancer
   640 | D        | Noticed a manticore
   643 | D        | Reached XP level 12. HP: 84/95 MP: 16/16
   643 | D        | Identified the +0 chain mail of the Endless Expanse {rElec
                  | rPois rC++ Str-3}
   643 | D        | Noticed a merfolk impaler
   645 | D        | Found the +2 hood of the Assassin {Detection Stab+ Stlth++}
   645 | D        | Found a transporter.
   647 | D        | Killed a merfolk aquamancer
   647 | D        | Killed a merfolk aquamancer
   649 | D        | Killed a merfolk aquamancer
   658 | D        | Killed a merfolk impaler
   658 | D        | Reached skill level 17 in Shields
   662 | D        | Got the ring "Juarph" {Ice *Drain Str+4 Dex+2 Slay+2}
   668 | D        | Killed a merfolk avatar
   677 | D        | Entered arena 14.
   679 | D        | Noticed an orc warlord
   682 | D        | Found a transporter.
   693 | D        | Killed an orc warlord
   708 | D        | Got the amulet "Ypuawoah" {RegenMP rC+}
   821 | D        | Entered arena 15.
   822 | D        | Noticed a stone giant
   822 | D        | Noticed a deep elf master archer
   822 | D        | Noticed a centaur warrior
   823 | D        | Noticed a merfolk javelineer
   824 | D        | Found a transporter.
   827 | D        | HP: 1/97 [merfolk javelineer/silver javelin (22)]
   827 | D        | Hit by a silver javelin thrown by a merfolk javelineer

Illustrated notes

Levels and vault maps discovered:
D:        sprint_v [room_start, room_1, room_2, room_3, room_4, room_5, room_6,
          room_7, room_8, room_9, room_10, room_11, room_12, room_13, room_14,
          room_15, room_16, room_17, room_18, room_19, room_20, room_21,
          room_22, room_23, room_24, room_25, room_26, room_27]

Skill      XL: |  1  2  3  4  5  6  7  8  9 10 11 12 |
---------------+-------------------------------------+-----
Fighting       | 4 6 7 8 9 10 11 12 13 14 | 14.4
Axes           | 4 5 6 7 9 10 11 12 13 14 | 14.9
Dodging        | 4 6 7 8 9 10 11 12 13 14 | 14.4
Shields        | 4 6 7 8 9 10 12 14 16 17 | 17.5
Evocations     | 5 |  5.0
Invocations    | 3 6 8 |  8.4

Action                   |  1- 3 |  4- 6 |  7- 9 | 10-12 || total
-------------------------+-------+-------+-------+-------++-------
Melee: Broad axe         |     3 |     5 |    26 |    65 ||    99
       Tentacles         |       |     2 |    11 |    15 ||    28
       Constrict         |       |     2 |     8 |    14 ||    24
Evoke: Wand              |     1 |       |     3 |       ||     4
  Use: Potion            |     1 |       |     2 |     2 ||     5
 Stab: Paralysed         |       |       |       |     2 ||     2
       Distracted        |       |       |       |     3 ||     3
Dodge: Dodged            |     2 |       |     5 |    17 ||    24
Block: Kite shield       |     3 |     5 |    36 |   127 ||   171
       Reflection        |       |       |       |    23 ||    23
